[ AOE2 MATCH · #483773373 ]
1v1 RMGoths vs Malians
Player's team · LOSS
Rival team · WIN
[ REPLAY ANALYSIS · EXTRACTED FROM THE RECORDED GAME ]
Feudal
—
Castle
—
Imperial
—
| APM avg | 19.6 |
| APM peak | 50 |
| eAPM avg | 16.5 |
| Villagers / military | 114 / 29 |
Focus
⚔️ 25.3% · 🌾 74.7%
Huskarl ×15 · Militia ×12 · Spearman ×2
Feudal
9:41
Castle
20:12
Imperial
37:43
| APM avg | 37.6 |
| APM peak | 135 |
| eAPM avg | 15.5 |
| Villagers / military | 111 / 89 |
Focus
⚔️ 31.4% · 🌾 68.6%
Militia ×62 · Cavalry Archer ×20 · Archer ×2 · Spearman ×2 · Trebuchet (Packed) ×2 · Monk ×1
Match map
Initial resources + every placement click. Lines = walls · curves = elevation contours. ◆ gold · ⬟ stone · ● berries · ✦ relic · ◌ wall gap
Your base· Open — unwalled flank
kodicrumbz's base· Open — unwalled flank
Smoothed initial terrain · ◌ = detected wall gap · hover for details
Inputs per minute
— juantortillas - - kodicrumbz
Build order — juantortillas
First 150 of 307 actions detected
| 0:02 | Create | Villager (Male) |
| 0:03 | Create | Villager (Male) |
| 0:03 | Create | Villager (Male) |
| 0:03 | Create | Villager (Male) |
| 0:06 | Build | House |
| 0:08 | Build | House |
| 1:45 | Create | Villager (Male) |
| 2:09 | Create | Villager (Male) |
| 2:27 | Build | Lumber Camp |
| 2:30 | Create | Villager (Male) |
| 2:55 | Create | Villager (Male) |
| 3:12 | Research | Loom |
| 3:28 | Create | Villager (Male) |
| 3:28 | Create | Villager (Male) |
| 3:44 | Create | Villager (Male) |
| 4:17 | Build | House |
| 4:25 | Create | Villager (Male) |
| 4:32 | Create | Villager (Male) |
| 5:08 | Create | Villager (Male) |
| 5:09 | Create | Villager (Male) |
| 5:09 | Create | Villager (Male) |
| 5:09 | Create | Villager (Male) |
| 5:29 | Build | Mill |
| 6:07 | Create | Villager (Male) |
| 7:00 | Build | House |
| 7:52 | Create | Villager (Male) |
| 8:07 | Create | Villager (Male) |
| 8:49 | Create | Villager (Male) |
| 8:58 | Research | Feudal Age |
| 9:14 | Build | Mining Camp |
| 9:35 | Build | Mill |
| 9:57 | Build | Barracks |
| 10:28 | Build | House |
| 10:36 | Create | Villager (Male) |
| 10:36 | Create | Villager (Male) |
| 11:29 | Create | Spearman |
| 12:27 | Build | Farm |
| 12:33 | Build | Farm |
| 12:41 | Create | Militia |
| 12:42 | Create | Militia |
| 12:46 | Build | Barracks |
| 13:23 | Create | Villager (Male) |
| 13:29 | Research | Man-at-Arms (upgrade) |
| 13:35 | Create | Villager (Male) |
| 13:54 | Create | Spearman |
| 14:04 | Build | Farm |
| 14:05 | Build | Farm |
| 14:05 | Build | Farm |
| 14:19 | Create | Militia |
| 14:29 | Build | House |
| 14:46 | Create | Militia |
| 14:49 | Create | Villager (Male) |
| 15:02 | Build | Farm |
| 15:04 | Build | Farm |
| 15:17 | Create | Villager (Male) |
| 15:29 | Build | Farm |
| 15:30 | Build | Farm |
| 15:32 | Build | Farm |
| 15:36 | Create | Villager (Male) |
| 16:03 | Build | Blacksmith |
| 16:08 | Create | Villager (Male) |
| 16:15 | Build | House |
| 16:16 | Build | House |
| 16:19 | Create | Villager (Male) |
| 16:54 | Create | Villager (Male) |
| 17:11 | Create | Villager (Male) |
| 17:27 | Build | Market |
| 17:45 | Create | Villager (Male) |
| 18:21 | Build | House |
| 18:23 | Research | Castle Age |
| 18:35 | Create | Militia |
| 18:36 | Create | Militia |
| 18:43 | Create | Militia |
| 18:43 | Create | Militia |
| 19:33 | Build | Lumber Camp |
| 19:41 | Build | Farm |
| 19:59 | Create | Militia |
| 19:59 | Create | Militia |
| 20:12 | Create | Militia |
| 20:12 | Create | Militia |
| 20:20 | Research | Double-Bit Axe |
| 21:05 | Build | Town Center |
| 21:09 | Create | Villager (Male) |
| 21:09 | Create | Villager (Male) |
| 21:14 | Research | Long Swordsman (upgrade) |
| 21:49 | Research | Scale Mail Armor |
| 21:50 | Research | Forging |
| 22:30 | Create | Villager (Male) |
| 22:31 | Create | Villager (Male) |
| 22:48 | Create | Villager (Male) |
| 22:48 | Create | Villager (Male) |
| 22:48 | Create | Villager (Male) |
| 22:55 | Build | Town Center |
| 23:00 | Create | Villager (Male) |
| 23:08 | Build | Farm |
| 23:09 | Build | Farm |
| 23:10 | Build | Farm |
| 23:11 | Build | Farm |
| 23:22 | Build | Farm |
| 23:25 | Build | Farm |
| 23:30 | Create | Villager (Male) |
| 23:31 | Create | Villager (Male) |
| 23:55 | Build | Mining Camp |
| 24:01 | Create | Villager (Male) |
| 24:02 | Create | Villager (Male) |
| 24:26 | Research | Horse Collar |
| 24:29 | Build | Farm |
| 24:32 | Create | Villager (Male) |
| 24:32 | Create | Villager (Male) |
| 24:56 | Create | Villager (Male) |
| 25:00 | Build | Farm |
| 25:01 | Build | Farm |
| 25:01 | Build | Farm |
| 25:02 | Build | Farm |
| 25:04 | Build | Farm |
| 25:13 | Create | Villager (Male) |
| 25:14 | Create | Villager (Male) |
| 25:44 | Create | Villager (Male) |
| 25:44 | Create | Villager (Male) |
| 25:54 | Build | Town Center |
| 26:17 | Build | Farm |
| 26:29 | Research | Town Watch |
| 26:31 | Create | Villager (Male) |
| 26:32 | Create | Villager (Male) |
| 26:43 | Build | Farm |
| 26:43 | Build | Farm |
| 26:43 | Build | Farm |
| 26:44 | Build | Farm |
| 26:44 | Build | Farm |
| 26:47 | Create | Villager (Male) |
| 27:16 | Create | Villager (Male) |
| 27:25 | Build | Mill |
| 27:28 | Build | Farm |
| 27:28 | Build | Farm |
| 27:28 | Build | Farm |
| 27:29 | Build | Farm |
| 27:29 | Build | Farm |
| 27:29 | Build | Farm |
| 27:29 | Build | Farm |
| 27:30 | Build | Farm |
| 27:30 | Build | Farm |
| 27:49 | Create | Villager (Male) |
| 28:04 | Create | Villager (Male) |
| 28:17 | Research | Fletching |
| 28:29 | Create | Villager (Male) |
| 28:30 | Create | Villager (Male) |
| 28:30 | Create | Villager (Male) |
| 28:30 | Create | Villager (Male) |
| 29:10 | Create | Villager (Male) |
| 29:12 | Create | Villager (Male) |
Build order — kodicrumbz
First 150 of 351 actions detected
| 0:01 | Create | Villager (Male) |
| 0:01 | Create | Villager (Male) |
| 0:01 | Create | Villager (Male) |
| 0:01 | Create | Villager (Male) |
| 0:03 | Build | House |
| 0:05 | Build | House |
| 1:32 | Create | Villager (Male) |
| 1:48 | Build | House |
| 2:00 | Create | Villager (Male) |
| 2:00 | Create | Villager (Male) |
| 2:26 | Build | Mill |
| 2:33 | Create | Villager (Male) |
| 2:33 | Create | Villager (Male) |
| 3:05 | Create | Villager (Male) |
| 3:05 | Create | Villager (Male) |
| 3:06 | Create | Villager (Male) |
| 3:46 | Create | Villager (Male) |
| 4:08 | Create | Villager (Male) |
| 4:24 | Create | Villager (Male) |
| 4:24 | Create | Villager (Male) |
| 4:25 | Create | Villager (Male) |
| 4:25 | Create | Villager (Male) |
| 4:48 | Research | Loom |
| 6:25 | Create | Villager (Male) |
| 6:50 | Create | Villager (Male) |
| 7:03 | Build | Barracks |
| 7:31 | Research | Feudal Age |
| 7:32 | Research | Feudal Age |
| 7:51 | Create | Militia |
| 7:52 | Create | Militia |
| 7:57 | Build | House |
| 8:06 | Create | Villager (Male) |
| 8:41 | Build | Mining Camp |
| 9:02 | Create | Villager (Male) |
| 9:08 | Build | House |
| 9:22 | Build | Mill |
| 9:41 | Age | Feudal Age |
| 9:45 | Research | Man-at-Arms (upgrade) |
| 9:56 | Build | Mill |
| 10:01 | Build | Farm |
| 10:10 | Create | Villager (Male) |
| 10:13 | Create | Militia |
| 10:36 | Create | Villager (Male) |
| 10:39 | Build | Lumber Camp |
| 10:43 | Create | Spearman |
| 11:28 | Create | Villager (Male) |
| 11:28 | Create | Villager (Male) |
| 11:38 | Create | Villager (Male) |
| 11:49 | Create | Spearman |
| 11:51 | Create | Villager (Male) |
| 11:51 | Create | Villager (Male) |
| 12:39 | Create | Villager (Male) |
| 12:39 | Create | Villager (Male) |
| 12:42 | Create | Militia |
| 13:41 | Build | House |
| 13:42 | Build | House |
| 13:48 | Build | Farm |
| 13:48 | Build | Farm |
| 13:49 | Build | Farm |
| 13:49 | Build | Farm |
| 13:49 | Build | Farm |
| 13:49 | Build | Farm |
| 13:49 | Build | Farm |
| 14:29 | Research | Double-Bit Axe |
| 14:41 | Build | Farm |
| 14:57 | Create | Villager (Male) |
| 15:16 | Build | Watch Tower |
| 15:20 | Create | Villager (Male) |
| 15:26 | Create | Militia |
| 15:29 | Create | Militia |
| 15:30 | Create | Militia |
| 15:41 | Build | House |
| 15:43 | Build | Palisade Wall |
| 15:52 | Create | Villager (Male) |
| 15:57 | Build | Palisade Wall |
| 15:58 | Build | Palisade Wall |
| 16:00 | Build | Palisade Wall |
| 16:08 | Build | Blacksmith |
| 16:12 | Build | Palisade Wall |
| 16:13 | Build | Palisade Wall |
| 16:17 | Build | House |
| 16:19 | Build | Palisade Wall |
| 16:25 | Build | Palisade Wall |
| 16:44 | Build | Market |
| 16:51 | Create | Villager (Male) |
| 17:10 | Build | Farm |
| 17:32 | Research | Castle Age |
| 17:39 | Build | Lumber Camp |
| 17:44 | Build | Farm |
| 18:11 | Build | House |
| 18:19 | Build | House |
| 18:22 | Build | Palisade Wall |
| 18:26 | Build | House |
| 19:39 | Build | Archery Range |
| 19:44 | Build | Archery Range |
| 19:51 | Research | Fletching |
| 19:55 | Research | Wheelbarrow |
| 20:12 | Age | Castle Age |
| 20:12 | Create | Villager (Male) |
| 20:23 | Research | Bodkin Arrow |
| 20:26 | Create | Archer |
| 20:27 | Create | Archer |
| 20:37 | Create | Cavalry Archer |
| 20:40 | Create | Cavalry Archer |
| 20:53 | Research | Thumb Ring |
| 21:00 | Create | Cavalry Archer |
| 21:00 | Create | Cavalry Archer |
| 21:18 | Build | Mining Camp |
| 21:26 | Create | Cavalry Archer |
| 21:38 | Create | Villager (Male) |
| 21:38 | Create | Villager (Male) |
| 22:08 | Create | Cavalry Archer |
| 22:08 | Create | Cavalry Archer |
| 22:09 | Create | Cavalry Archer |
| 22:27 | Create | Cavalry Archer |
| 22:27 | Create | Cavalry Archer |
| 22:36 | Create | Villager (Male) |
| 22:36 | Create | Villager (Male) |
| 22:59 | Create | Cavalry Archer |
| 23:00 | Create | Cavalry Archer |
| 23:17 | Build | House |
| 23:35 | Create | Cavalry Archer |
| 23:35 | Create | Cavalry Archer |
| 23:39 | Create | Villager (Male) |
| 23:40 | Create | Villager (Male) |
| 23:40 | Create | Villager (Male) |
| 23:40 | Create | Villager (Male) |
| 24:09 | Research | Bow Saw |
| 24:13 | Create | Villager (Male) |
| 24:29 | Build | University |
| 24:51 | Create | Villager (Male) |
| 24:51 | Create | Villager (Male) |
| 25:41 | Create | Cavalry Archer |
| 25:41 | Create | Cavalry Archer |
| 25:42 | Create | Cavalry Archer |
| 25:42 | Create | Cavalry Archer |
| 25:57 | Research | Hand Cart |
| 26:12 | Build | Town Center |
| 26:15 | Create | Villager (Male) |
| 26:15 | Create | Villager (Male) |
| 26:42 | Create | Villager (Male) |
| 26:42 | Create | Villager (Male) |
| 26:43 | Create | Villager (Male) |
| 27:12 | Create | Villager (Male) |
| 27:20 | Research | Ballistics |
| 27:32 | Create | Villager (Male) |
| 27:32 | Create | Villager (Male) |
| 27:33 | Create | Villager (Male) |
| 27:46 | Build | Farm |
| 27:47 | Build | Farm |
Match timeline
| 7:03 | kodicrumbz · first_building Barracks |
| 9:41 | kodicrumbz · age_up feudal |
| 9:57 | juantortillas · first_building Barracks |
| 15:43 | kodicrumbz · wall_segment Palisade Wall x1 |
| 15:57 | kodicrumbz · wall_segment Palisade Wall x1 |
| 15:58 | kodicrumbz · wall_segment Palisade Wall x1 |
| 16:00 | kodicrumbz · wall_segment Palisade Wall x1 |
| 16:12 | kodicrumbz · wall_segment Palisade Wall x1 |
| 16:13 | kodicrumbz · wall_segment Palisade Wall x1 |
| 16:19 | kodicrumbz · wall_segment Palisade Wall x1 |
| 16:25 | kodicrumbz · wall_segment Palisade Wall x1 |
| 18:22 | kodicrumbz · wall_segment Palisade Wall x1 |
| 19:39 | kodicrumbz · first_building Archery Range |
| 20:12 | kodicrumbz · age_up castle |
| 26:06 | kodicrumbz · first_market_buy 100 stone |
| 28:14 | juantortillas · first_market_buy 100 food |
| 30:21 | juantortillas · first_building Castle |
| 30:30 | kodicrumbz · wall_segment Palisade Wall x1 |
| 33:11 | kodicrumbz · first_building Monastery |
| 34:03 | kodicrumbz · first_building Castle |
| 35:38 | kodicrumbz · first_market_sell 100 wood |
| 37:43 | kodicrumbz · age_up imperial |
| 43:36 | juantortillas · resign |
[ AI ANALYSIS · 1 CREDIT ]
What really happened in this match?
Wolo.gg analyzes every decision: build order, eco, micro, common mistakes by bracket. Personalized analysis on WhatsApp or Discord in 30 seconds.
Civ guide
Goths
Map guide
Kilimanjaro
Perfil
juantortillas